 Dungeon Crawl Stone Soup version 0.31-a0-175-g9f7f995f2b (webtiles) character file.

Game seed: 13786421292481430953

222 qw the Chopper (level 5, -2/32 HPs)
             Began as a Gargoyle Fighter on June 16, 2023.
             Slain by an iguana (11 damage)
             ... on level 4 of the Dungeon.
             The game lasted 00:01:09 (2602 turns).

qw the Chopper (Gargoyle Fighter)                   Turns: 2602, Time: 00:01:10

Health: -2/32      AC: 10    Str: 21      XL:     5   Next: 99%
Magic:  5/5        EV:  9    Int:  7 (9)  God:
Gold:   135        SH:  5    Dex: 14 (15) Spells: 4/4 levels left

rFire   . . .        Y - +0 war axe
rCold   . . .        c - +0 buckler
rNeg    + . .        b - +0 scale mail
rPois   inf          (no helmet)
rElec   +            (no cloak)
rCorr   .            (no gloves)
SInv    .            (no boots)
Will    .....        j - amulet of regeneration Stlth
                     e - +6 ring of dexterity
HPRegen 1.05/turn    (no ring)
MPRegen 0.09/turn

%: no passive effects
@: no status effects
A: sickness immunity, AC +4, negative energy resistance 1, electricity
resistance, torment resistance 1, petrification resistance
a: no special abilities


You were on level 4 of the Dungeon.
You visited 1 branch of the dungeon, and saw 4 of its levels.

You collected 135 gold pieces.


Innate Abilities, Weirdness & Mutations

You are immune to sickness and miasma.
Your stone body is resilient. (AC +4)
You are immune to poison.
You resist negative energy. (rN+)
You are resistant to electric shocks. (rElec)
You are resistant to unholy torment.
You are immune to petrification.


   Skills:
 + Level 3.6 Fighting
 - Level 5.1 Axes
 - Level 3.2 Armour
 - Level 1.1 Dodging
 - Level 3.2 Shields


You had 4 spell levels left.
You didn't know any spells.
Your spell library was empty.

Inventory:

Hand Weapons
 m - a +0 mace
 Y - a +0 war axe (weapon)
Armour
 b - a +0 scale mail (worn)
 c - a +0 buckler (worn)
 p - a +0 helmet
Jewellery
 e - a +6 ring of dexterity (left hand)
 j - an amulet of regeneration (around neck)
Scrolls
 a - a scroll of teleportation
 o - a scroll of identify
Potions
 d - a potion of might
 f - a potion of lignification {unknown}
 g - a potion of ambrosia {unknown}
 h - 6 potions of curing
 i - a potion of haste {unknown}
 k - a potion of heal wounds {unknown}
 l - a potion of resistance {unknown}
 n - a potion of brilliance {unknown}

Dungeon Overview and Level Annotations

Branches:
Dungeon (4/15)
 Temple: D:4-7

Altars:
Sif Muna


Message History

You hit the gnoll bouda but do no damage.
The gnoll bouda is almost dead.
Your attacks no longer feel as feeble.
The gnoll is no longer moving quickly.
The gnoll barely misses you.
The gnoll bouda utters an invocation to its god.
The gnoll bouda is healed somewhat.
You barely miss the gnoll bouda.
The gnoll bouda is heavily wounded.
The gnoll is no longer moving quickly.
The gnoll hits you but does no damage.
The gnoll bouda barks out a call to the hunt!
The gnolls pick up the pace!
You slash the gnoll bouda!
You kill the gnoll bouda!
The gnoll barely misses you. The gnoll hits you with a +0 whip.
The gnoll misses you.
You feel your intelligence returning.
Your Axes skill increases to level 5!
You slash the gnoll!
The gnoll is heavily wounded.
The gnoll hits you with a +0 whip. The gnoll closely misses you.
You hit the gnoll.
You kill the gnoll!
You block the gnoll's attack. The gnoll hits you with a +0 flail.
You closely miss the gnoll.
The gnoll hits you from afar with a +0 spear.
You block the gnoll's attack. The gnoll barely misses you.
You block the gnoll's attack.
You barely miss the gnoll. The gnoll barely misses you.
The gnoll hits you with a +0 flail!
The gnoll hits you from afar with a +0 spear.
The gnoll barely misses you.
You slash the gnoll!
You kill the gnoll!
The gnoll closely misses you. The gnoll hits you but does no damage.
The iguana bites you but does no damage.
You hit the iguana.
The iguana is lightly wounded.
The gnoll hits you from afar with a +0 spear.
The gnoll barely misses you. The iguana bites you!
You die... ###..####### ## ###'####.####.####..### ...................... ........... .......>. ........... ....... ..#.......< ..... # .###....... gg.

# ## #..#.###+ #l# +##### #
#..+###..##@#########..##...
#...$......#...............
........#..........##...
+###..#....#.####..###..
#########'####..#....
#.....#..#...#
#.............
#..........#..
#..........#..


You could see an iguana and 2 gnolls.

Vanquished Creatures
  A scorpion (D:4)
  A gnoll bouda (D:4)
  Robin (D:4)
  3 gnolls (D:4)
  2 adders
  2 dart slugs
  2 orcs
  A ball python (D:2)
  4 bats (D:3)
  8 endoplasms
  4 giant cockroaches
  16 goblins
  8 hobgoblins
  7 kobolds
  4 quokkas
  3 frilled lizards
  4 rats
71 creatures vanquished.

Notes
Turn   | Place    | Note
-------+----------+-------------------------------------------
     0 | D:1      | qw the Gargoyle Fighter began the quest for the Orb.
     0 | D:1      | Reached XP level 1. HP: 14/14 MP: 1/1
     0 | D:1      | 0 ||| qw: Version: 0.2-a-29-g511e9b1
     0 | D:1      | 0 ||| qw: Game counter: 5773
     0 | D:1      | 0 ||| qw: Always use a shield: true
     0 | D:1      | 0 ||| qw: God list: Okawaru
     0 | D:1      | 0 ||| qw: Allow faded altars: false
     0 | D:1      | 0 ||| qw: Do Orc after D:15 true
     0 | D:1      | 0 ||| qw: Do second Lair branch before Depths: true
     0 | D:1      | 0 ||| qw: Lair rune preference: random
     0 | D:1      | 0 ||| qw: Plans: Normal, Zot:1-4, Slime:5, God:TSO, Crypt,
                  | Tomb, Abyss, Pan, Hells, Win
     0 | D:1      | 0 ||| PLANNING D:1-11
    50 | D:1      | 50 ||| Stepping ~*~*~tactically~*~*~ (hiding).
    58 | D:1      | Reached skill level 2 in Axes
   165 | D:1      | Reached XP level 2. HP: 19/19 MP: 2/2
   171 | D:1      | 171 ||| Stepping ~*~*~tactically~*~*~ (stealth).
   195 | D:1      | You fall into a shaft and drop 1 floor!
   416 | D:2      | 416 ||| READING scroll labelled BERIMNULLA.
   417 | D:2      | 417 ||| READING scroll labelled ODWU IREOS.
   418 | D:2      | 418 ||| READING scroll labelled OCZUKKEXYI.
   419 | D:2      | 419 ||| DRINKING 3 coppery potions.
   476 | D:1      | 476 ||| Stepping ~*~*~tactically~*~*~ (stealth).
   478 | D:1      | Reached skill level 3 in Axes
   562 | D:1      | Reached XP level 3. HP: 23/23 MP: 3/3
   913 | D:1      | 913 ||| UPGRADING to amulet of regeneration.
   918 | D:1      | 918 ||| READING 2 scrolls labelled XEPUFRERAI.
   922 | D:1      | 922 ||| DRINKING 4 golden potions.
   923 | D:1      | 923 ||| DROPPING 3 potions of degeneration.
  1179 | D:2      | 1179 ||| DROPPING +0 whip.
  1568 | D:2      | 1568 ||| UPGRADING to +6 ring of dexterity.
  2104 | D:3      | Reached XP level 4. HP: 28/28 MP: 4/4
  2341 | D:3      | 2341 ||| DROPPING +6 ring of intelligence.
  2386 | D:4      | 2386 ||| PLANNING OSSUARY
  2420 | D:4      | 2420 ||| Stepping ~*~*~tactically~*~*~ (hiding).
  2427 | D:4      | HP: 7/28 [orc priest/divine providence (12)]
  2428 | D:4      | Reached skill level 4 in Axes
  2428 | D:4      | 2428 ||| READING 2 scrolls of teleportation.
  2458 | D:4      | Noticed Robin
  2459 | D:4      | 2459 ||| Stepping ~*~*~tactically~*~*~ (hiding).
  2475 | D:4      | Noticed a scorpion
  2478 | D:4      | Killed Robin
  2479 | D:4      | Reached skill level 1 in Dodging
  2484 | D:4      | Killed a scorpion
  2485 | D:4      | Reached XP level 5. HP: 25/32 MP: 5/5
  2509 | D:4      | Found a shimmering blue altar of Sif Muna.
  2581 | D:4      | 2581 ||| Stepping ~*~*~tactically~*~*~ (hiding).
  2597 | D:4      | Reached skill level 5 in Axes
  2602 | D:4      | Slain by an iguana

Levels and vault maps discovered:
D:1:      tarquinn_simple_flora_water_e, layout_rooms,
          corexii_item_surrounded_by_moat, minmay_misc_feat_chi
D:2:      layout_basic
D:3:      layout_loops_ring, kennysheep_generic_room_13
D:4:      layout_gridville, grunt_qazlal_sundering,
          mainiacjoe_overflow_six_doors_small, gup_ossuary_entry_pyramid,
          hangedman_decor_lopped, uniq_ijyb, uniq_robin

Skill      XL: |  1  2  3  4  5 |
---------------+----------------+-----
Axes           | 2 3 4 5 |  5.1
Dodging        | 1 |  1.1
Fighting       | |  3.6
Armour         | |  3.2
Shields        | |  3.2

Action                     |  1- 3 |  4- 6 || total
---------------------------+-------+-------++-------
  Melee: War axe           |   114 |    71 ||   185
    Use: Scroll            |     4 |     1 ||     5
         Potion            |     2 |       ||     2
 Armour: Scale mail        |    47 |    47 ||    94
  Dodge: Dodged            |    44 |    36 ||    80
  Block: Buckler           |    16 |    21 ||    37

Table legend:
 A = Non-vault XP
 B = Vault XP
 C = Vault XP percentage of total XP
 D = Non-vault monster count
 E = Vault monster count
 F = Vault count percentage of total count
                 A         B        C        D         E       F
            +---------+---------+-------+---------+---------+-------
      Total |     278 |      40 |  12.6 |      57 |      14 |  19.7
            +---------+---------+-------+---------+---------+-------
        D:1 |      29 |       0 |   0.0 |      17 |       0 |   0.0
        D:2 |      19 |       0 |   0.0 |       9 |       0 |   0.0
        D:3 |      43 |       4 |   8.5 |      19 |       2 |   9.5
        D:4 |     187 |      36 |  16.1 |      12 |      12 |  50.0
            +---------+---------+-------+---------+---------+-------
